Map: Neon Violet Square LE

Players

MadMax

  • Race: Protoss Protoss
  • League: Platinum
  • Spawn Location: 5:00

grishman - Winner!

  • Race: Terran Terran
  • League: Gold
  • Spawn Location: 11:00

VOD

Have the link to the VOD?

Description

Time

  • Played on: Feb. 12, 2018, 7:20 a.m.
  • Length: 9:27
Show
View Real Time Build Order
Export as new Build Order

MadMax Protoss 

Build Orders: 1 Gate Expand, Double Forge 

Get SALT Encoding   

  12  0:01  Probe  
  13  0:13  Probe  
  14  0:23  Pylon  
  14  0:25  Probe  
  15  0:41  Probe (Chrono Boost)  
  16  0:45  Gateway  
  16  0:52  Assimilator  
  16  0:53  Probe (Chrono Boost)  
  17  0:59  Probe (Chrono Boost)  
  18  1:07  Probe  
  19  1:19  Probe  
  20  1:29  Nexus  
  20  1:36  Probe  
  21  1:52  Probe  
  22  1:55  Cybernetics Core  
  22  2:02  Pylon  
  22  2:04  Probe  
  23  2:20  Probe (Chrono Boost)  
  24  2:27  Pylon  
  24  2:32  Probe (Chrono Boost), Warp Gate (Chrono Boost)  
  24  2:35  Assimilator  
  27  2:39  Probe (Chrono Boost)  
  28  2:44  Adept  
  28  2:49  Probe  
  28  2:50  Probe  
  30  3:07  Probe (Chrono Boost)  
  30  3:08  Gateway x2  
  31  3:13  Gateway  
  31  3:14  Probe (Chrono Boost)  
  31  3:19  Probe (Chrono Boost)  
  33  3:24  Probe (Chrono Boost)  
  33  3:26  Probe (Chrono Boost)  
  35  3:29  Probe (Chrono Boost)  
  36  3:34  Probe, Robotics Facility  
  36  3:40  Assimilator  
  37  3:43  Probe  
  37  3:45  Assimilator  
  38  3:49  Zealot  
  38  3:54  Probe  
  41  3:57  Probe  
  41  3:58  Pylon  
  42  4:06  Probe  
  42  4:09  Probe  
  44  4:18  Probe, Forge  
  44  4:20  Forge  
  44  4:21  Probe  
  46  4:28  Observer (Chrono Boost)  
  47  4:39  Stalker x2  
  47  4:40  Pylon  
  47  4:41  Stalker  
  47  4:42  Pylon  
  53  4:49  Pylon  
  53  4:52  Immortal (Chrono Boost)  
  53  4:59  Probe x2  
  59  5:04  Protoss Ground Weapons Level 1 (Chrono Boost)  
  59  5:16  Protoss Ground Armor Level 1 (Chrono Boost)  
  59  5:18  Sentry x2  
  59  5:20  Sentry  
  65  5:21  Sentry  
  65  5:24  Immortal (Chrono Boost)  
  71  5:44  Pylon  
  71  5:46  Zealot x2  
  71  5:47  Zealot x2  
  79  5:59  Immortal (Chrono Boost)  
  83  6:04  Probe  
  83  6:05  Pylon  
  83  6:08  Stalker x2  
  83  6:09  Stalker  
  83  6:10  Zealot  
  92  6:18  Twilight Council  
  92  6:32  Probe  
  91  6:40  Immortal (Chrono Boost)  
  91  6:45  Stalker x2  
  91  6:46  Stalker  
  97  6:59  Nexus  
  97  7:00  Charge (Chrono Boost)  
  93  7:01  Zealot  
  95  7:12  Immortal  
  99  7:17  Robotics Bay  
  99  7:18  Observer, Sentry  
  101  7:26  Pylon  
  101  7:27  Pylon  
  101  7:53  Immortal (Chrono Boost)  
  105  8:05  Pylon  
  105  8:06  Pylon  
  105  8:10  Photon Cannon  
  105  8:11  Photon Cannon  
  105  8:19  Probe x2  
  108  8:20  Probe  
  108  8:24  Colossus (Chrono Boost)  
  94  8:44  Probe  
  94  8:45  Zealot x2  
  94  8:46  Zealot  
  87  8:59  Shield Battery, Zealot  
  87  9:00  Pylon, Shield Battery  
  75  9:21  Stalker  
Show
View Real Time Build Order
Export as new Build Order

grishman Terran - Winner!

Build Orders:  

Get SALT Encoding   

  12  0:00  SCV  
  13  0:13  SCV  
  14  0:20  Supply Depot  
  14  0:25  SCV  
  15  0:32  Supply Depot  
  15  0:42  SCV  
  16  0:44  Supply Depot  
  16  0:54  SCV  
  16  0:55  Refinery  
  17  1:07  Barracks  
  17  1:11  SCV  
  18  1:23  SCV  
  19  1:28  Barracks  
  19  1:36  SCV  
  20  1:43  Refinery  
  20  1:49  SCV  
  21  1:54  Barracks  
  21  1:56  Marine  
  22  2:01  SCV  
  23  2:12  Factory  
  23  2:15  Marine  
  23  2:20  SCV  
  25  2:23  Marine  
  26  2:38  Factory  
  26  2:43  Barracks Tech Lab  
  26  2:45  Barracks Reactor  
  26  2:52  SCV  
  26  2:57  Factory Tech Lab  
  27  3:02  Engineering Bay  
  27  3:08  Orbital Command  
  27  3:15  Marauder  
  29  3:23  Factory Tech Lab  
  29  3:27  Barracks Reactor  
  29  3:32  Siege Tank  
  32  3:39  Marauder  
  34  4:00  Marauder  
  36  4:03  Siege Tank  
  39  4:14  Supply Depot  
  39  4:21  Missile Turret  
  39  4:36  Siege Tank, Marauder  
  39  4:37  Supply Depot  
  44  4:47  Supply Depot  
  44  4:53  Combat Shields  
  44  4:57  Marauder  
  46  5:18  Siege Tank  
  49  5:21  Marine x2  
  49  5:22  Marine x2  
  53  5:28  Supply Depot  
  53  5:33  Marauder  
  55  5:39  Marine x2  
  57  5:46  Supply Depot  
  57  5:59  Terran Infantry Weapons Level 1  
  57  6:08  Starport  
  57  6:12  Concussive Shells  
  57  6:24  Marauder  
  59  6:26  Marine  
  59  6:27  Marine  
  61  6:44  Marine  
  61  6:45  Marine, Starport Reactor  
  61  6:46  Marauder  
  64  7:02  Marine  
  64  7:07  Marauder  
  67  7:14  Siege Tank  
  72  7:16  Hellion  
  72  7:29  Marauder  
  74  7:34  Marine  
  77  7:37  Hellion  
  77  7:44  Viking  
  79  8:34  Marauder  
  79  8:37  Siege Tank  
  67  8:50  Marine x2  
  68  8:56  Marauder  
  73  9:08  Marine x2  
Tags
 
Add a new tag
Caveats
  • Supply blocks, unpowered buildings, or Contaminate may cause inaccurate times.
  • Supply counts are checked every 10 seconds.